 Dungeon Crawl Stone Soup version 0.23.2-1-ga50397a (webtiles) character file.

Game seed: 10239873263761827102

655819 zedzed the Axe Maniac (level 27, -4/273 HPs)
             Began as a Hill Orc Fighter on Apr 28, 2019.
             Was a High Priest of Qazlal.
             Killed from afar by a hellion (32 damage)
             ... with damnation
             ... on level 5 of the Depths on May 2, 2019.
             The game lasted 06:53:15 (67736 turns).

zedzed the Axe Maniac (Hill Orc Fighter)           Turns: 67736, Time: 06:53:16

Health: -4/273     AC: 45    Str: 31    XL:     27
Magic:  0/49       EV: 17    Int: 10    God:    Qazlal [*****.]
Gold:   5937       SH:  7    Dex: 16    Spells: 29/34 levels left

rFire    + + .     SeeInvis +   J - +9 executioner's axe (vamp)
rCold    + + .     Gourm    .   (shield currently unavailable)
rNeg     . . .     Faith    .   s - +2 gold dragon scales
rPois    +         Spirit   +   Z - +1 helmet of the Invisible Hand {rC+ SInv}
rElec    .         Reflect  .   a - +2 cloak
rCorr    .         Harm     .   T - +2 pair of gloves
MR       ++...                  b - +2 pair of boots {Fly}
Stlth    ..........             I - amulet of Ofa It Jea {Spirit rF+ Int+4 Dex+5 Stlth-}
HPRegen  0.55/turn              p - +3 ring of evasion
MPRegen  0.31/turn              W - ring of magical power

@: protected from physical damage, flying, hasted, studying Evocations, repel
missiles, very quick
A: dopey 1, mutation resistance 1, poison resistance, screaming 1, subdued magic
1
0: Orb of Zot
}: 3/15 runes: decaying, silver, gossamer
a: Upheaval, Elemental Force, Disaster Area, Renounce Religion, Stop Flying


You were on level 5 of the Depths.
You worshipped Qazlal.
Qazlal was extremely pleased with you.
You were not hungry.

You visited 11 branches of the dungeon, and saw 51 of its levels.
You visited the Abyss 2 times.
You also visited: Ice Cave.

You collected 8769 gold pieces.
You spent 2832 gold pieces at shops.

Inventory:

Hand Weapons
 y - a +0 executioner's axe
 J - a +9 vampiric executioner's axe (weapon)
Missiles
 v - 15 arrows
 z - 24 sling bullets
 L - 6 tomahawks of returning (quivered)
 X - 1174 bolts
Armour
 a - a +2 cloak (worn)
 b - a +2 pair of boots of flying (worn)
 s - +2 gold dragon scales (worn)
 T - a +2 pair of gloves (worn)
 Z - the +1 helmet of the Invisible Hand (worn) {rC+ SInv}
   (You bought it in a shop on level 8 of the Dungeon)

   It protects you from cold.
   It lets you see invisible.
Jewellery
 p - a +3 ring of evasion (left hand)
 q - an uncursed ring of fire
 E - an uncursed ring of positive energy
 I - the amulet of Ofa It Jea (around neck) {Spirit rF+ Int+4 Dex+5 Stlth-}
   (You found it on level 4 of the Dungeon)

   [amulet of guardian spirit]

   It causes incoming damage to be split between your health and magic.
   It affects your intelligence (+4).
   It affects your dexterity (+5).
   It protects you from fire.
   It makes you less stealthy.
 M - the ring of Tulips {rCorr rC+}
   (You took it off a fire giant on level 4 of the Depths)

   [ring of resist corrosion]

   It protects you from cold.
 N - an uncursed ring of protection from magic
 W - a ring of magical power (right hand)
Wands
 i - a wand of iceblast (3)
 k - a wand of acid (15)
 w - a wand of digging (13)
 Y - a wand of clouds (13)
Scrolls
 c - 6 scrolls of magic mapping
 e - 14 scrolls of fear
 g - 32 scrolls of remove curse
 h - 12 scrolls of identify
 n - 10 scrolls of teleportation
 r - 3 scrolls of fog
 u - 3 scrolls of blinking
 G - a scroll of silence
 K - 4 scrolls of immolation
 P - 3 scrolls of torment
 S - a scroll of holy word
Potions
 d - 4 potions of might
 m - 8 potions of resistance
 t - 2 potions of berserk rage
 x - 3 potions of invisibility
 A - 2 potions of magic
 B - 2 potions of haste
 C - 14 potions of curing
 D - 5 potions of agility
 Q - a potion of cancellation
Books
 R - a manual of Evocations
Miscellaneous
 j - the horn of Geryon
 o - a lightning rod (4/4)
 F - a phantom mirror
Comestibles
 f - 66 rations


   Skills:
 O Level 27 Fighting
 O Level 27 Axes
 - Level 23.9 Armour
 * Level 10.6 Dodging
   Level 12.0 Shields
 - Level 4.0 Spellcasting
 - Level 1.9 Charms
 - Level 9.1 Translocations
 O Level 27 Invocations
 - Level 13.2 Evocations


You had 29 spell levels left.
You knew the following spells:

 Your Spells              Type           Power        Failure   Level  Hunger
a - Song of Slaying       Chrm           #.......     71%         2    ##.....
b - Blink                 Tloc           N/A          4%          2    ##.....
c - Apportation           Tloc           ###...       3%          1    #......

Your spell library contained the following spells:

 Spells                   Type           Power        Failure   Level  Hunger
 Gell's Gravitas          Tloc           ###.......   10%         3    ###....
 Lesser Beckoning         Tloc           ###.......   10%         3    ###....
 Teleport Other           Tloc           ###.....     10%         3    ###....
 Shroud of Golubria       Chrm/Tloc      ##........   22%         2    ##.....
 Infusion                 Chrm           #...         54%         1    #......
 Portal Projectile        Hex/Tloc       #.....       54%         3    ###....
 Recall                   Summ/Tloc      N/A          54%         3    ###....
 Animate Skeleton         Necr           N/A          83%         1    #......
 Beastly Appendage        Tmut           #.....       83%         1    #......
 Confusing Touch          Hex            #.....       83%         1    #......
 Corona                   Hex            #......      83%         1    #......
 Freeze                   Ice            #...         83%         1    #......
 Magic Dart               Conj           #...         83%         1    #......
 Pain                     Necr           #...         83%         1    #......
 Shock                    Conj/Air       #...         83%         1    #......
 Summon Butterflies       Summ           #.......     83%         1    #......
 Summon Small Mammal      Summ           #...         83%         1    #......
 Swiftness                Chrm/Air       #.......     83%         2    ##.....
 Ensorcelled Hibernation  Hex/Ice        #.....       92%         2    ##.....
 Passwall                 Tmut/Erth      #.......     92%         2    ##.....
 Searing Ray              Conj           #.....       92%         2    ##.....
 Sticks to Snakes         Tmut           #.......     92%         2    ##.....
 Throw Frost              Conj/Ice       #.....       92%         2    ##.....
 Force Lance              Conj/Tloc      #.......     92%         4    #####..
 Ozocubu's Armour         Chrm/Ice       #.......     97%         3    ###....
 Regeneration             Chrm/Necr      #.........   97%         3    ###....
 Spectral Weapon          Hex/Chrm       #.......     97%         3    ###....
 Call Canine Familiar     Summ           #.......     99%         3    ###....
 Confuse                  Hex            #.......     99%         3    ###....
 Dazzling Spray           Conj/Hex       #.....       99%         3    ###....
 Ignite Poison            Fire/Tmut/Pois #.......     99%         3    ###....
 Mephitic Cloud           Conj/Pois/Air  #.......     99%         3    ###....
 Spider Form              Tmut/Pois      #.........   99%         3    ###....
 Static Discharge         Conj/Air       #.......     99%         3    ###....
 Stone Arrow              Conj/Erth      #.....       99%         3    ###....
 Tukima's Dance           Hex            #.......     99%         3    ###....
 Vampiric Draining        Necr           #.........   99%         3    ###....
 Dispersal                Tloc           ###.......   99%         6    #######
 Animate Dead             Necr           N/A          100%        4    #####..
 Cause Fear               Hex            #.........   100%        4    #####..
 Fulminant Prism          Conj/Hex       #.........   100%        4    #####..
 Ice Form                 Ice/Tmut       #.......     100%        4    #####..
 Iskenderun's Mystic Bla  Conj           #.......     100%        4    #####..
 Summon Ice Beast         Ice/Summ       #.......     100%        4    #####..
 Throw Icicle             Conj/Ice       #.......     100%        4    #####..
 Alistair's Intoxication  Tmut/Pois      #.......     100%        5    ######.
 Blade Hands              Tmut           #.........   100%        5    ######.
 Bolt of Magma            Conj/Fire/Erth #.........   100%        5    ######.
 Borgnjor's Vile Clutch   Necr/Erth      #.........   100%        5    ######.
 Fireball                 Conj/Fire      #.........   100%        5    ######.
 Lee's Rapid Deconstruct  Erth           #.........   100%        5    ######.
 Lightning Bolt           Conj/Air       #.........   100%        5    ######.
 Metabolic Englaciation   Hex/Ice        #.........   100%        5    ######.
 Silence                  Hex/Air        #.........   100%        5    ######.
 Summon Mana Viper        Hex/Summ       #.......     100%        5    ######.
 Yara's Violent Unravell  Hex/Tmut       #.........   100%        5    ######.
 Bolt of Cold             Conj/Ice       #.........   100%        6    #######
 Bolt of Fire             Conj/Fire      #.........   100%        6    #######
 Darkness                 Hex            #.........   100%        6    #######
 Death Channel            Necr           #.........   100%        6    #######
 Deflect Missiles         Chrm/Air       #.........   100%        6    #######
 Freezing Cloud           Conj/Ice/Air   #.........   100%        6    #######
 Hydra Form               Tmut           #.........   100%        6    #######
 Invisibility             Hex            #.......     100%        6    #######
 Ozocubu's Refrigeration  Ice            #.........   100%        6    #######
 Simulacrum               Ice/Necr       #.........   100%        6    #######
 Statue Form              Tmut/Erth      #........    100%        6    #######
 Dragon Form              Tmut           #.........   100%        7    #######
 Ring of Flames           Chrm/Fire      #.........   100%        7    #######
 Summon Hydra             Summ           #.........   100%        7    #######
 Controlled Blink         Tloc           N/A          100%        8    #######
 Discord                  Hex            #.........   100%        8    #######
 Disjunction              Tloc           ###.......   100%        8    #######
 Ignition                 Fire           #.........   100%        8    #######
 Shatter                  Erth           #.........   100%        9    #######
 Tornado                  Air            #.........   100%        9    #######
 Passage of Golubria      Tloc           Unusable     N/A         4    N/A

Dungeon Overview and Level Annotations

Branches:
Dungeon (15/15)            Temple (1/1) D:5            Lair (6/6) D:10
  Swamp (4/4) Lair:4       Spider (4/4) Lair:3        Slime (0/5) Lair:6
    Orc (2/2) D:10            Elf (3/3) Orc:2        Vaults (5/5) D:14
  Crypt (0/3) Vaults:3     Depths (5/5) D:15           Hell (1/1)
    Dis (0/7) Hell            Geh (0/7) Hell            Coc (0/7) Hell
    Tar (0/7) Hell            Zot (5/5) Depths:5

Altars:
Ashenzari
Dithmenos
Elyvilon
Fedhas
Gozag
Hepliaklqana
Kikubaaqudgha
Makhleb
Nemelex Xobeh
Qazlal
Ru
Sif Muna
Wu Jian
Xom
Yredelemnul
Zin
Jiyva

Shops:
D:4 !   D:8 [   D:10 *   Orc:2 (}**   Elf:1 **   Elf:2 (   Vaults:1 *[
Vaults:2 ?   Depths:1 (=[

Portals:
Hell: Depths:1 Depths:2 Depths:3 Depths:4 Depths:5
Abyss: Depths:3 Depths:4
Pandemonium: Depths:1 Depths:2 Depths:3 Depths:4
Ziggurat: Depths:2
Trove: Depths:3 (give 9 potions of agility)

Annotations:
D:5 2 runed translucent doors
Lair:4 1 runed translucent door, Borbor's ghost, journeyman GrFi
Lair:5 exclusion: 3 oklob plants
Orc:1 1 runed translucent door, exclusion: 4 orange crystal statues


Innate Abilities, Weirdness & Mutations

You are dopey. (Int -2)
You are somewhat resistant to further mutation.
Your system is resistant to poisons. (rPois)
You occasionally shout uncontrollably at your foes.
Your spells are a little easier to cast, but a little less powerful.


Message History

You slice the smoke demon!!
You kill the smoke demon!
Qazlal accepts your kill.
You barely miss the hell hound. Buacraz hits you!!
* * * LOW HITPOINT WARNING * * *
Buacraz burns you.
* * * LOW HITPOINT WARNING * * *
You feel yourself speed up. Buacraz hits you but does no damage.
You block the hell hound's attack.
The hell hound bites you but does no damage.
The hell hound breathes flames at you. The blast of flame misses you.
The hellion is engulfed in freezing vapours.
The hell hound bites you but does no damage.
The hellion gestures at you.
The sphere of damnation explodes!
The damnation engulfs you!!
* * * LOW HITPOINT WARNING * * *
The hellion gestures at you.
The sphere of damnation explodes!
The damnation engulfs you!!!
You die...

#.# #................. #.#
#..§§≈..##.#..#... #.#
#..§#§..##.#..#... #.#
#...##).##.##.#...
#.#########................#
#................#.........#
#.#####..§.○..2○.......:....
#.# #.##.○..○≈†#......#...
#.#####.#≈.@h.≈§.≈.§....#.#.
#.#...<.......&h§..§....#..#
##.####..§≈...☼≈○.§##........
#..............≈≈.###.##.#...
#######......................
#.#≈≈....≈##.##.##.#...
#.##≈....###.......#..#
#.###.#..###.......#..#
#.###............#.#...


You could see Buacraz, a hellion and 2 hell hounds.

Vanquished Creatures
  Mara (Vaults:5)
  2 orbs of fire (Zot:5)
  9 ancient liches
  Sojobo (Depths:4)
  2 Killer Klowns (Zot:5)
  the Lernaean hydra (Swamp:4)
  Geryon (Hell)
  Saint Roka (Elf:3)
  2 caustic shrikes (Depths:4)
  12 golden dragons
  Nikola (Vaults:2)
  Jory (Depths:4)
  4 electric golems
  19 tentacled monstrosities
  26 Orb Guardians
  Jorgrun (Orc:1)
  A Hell Sentinel (Zot:2)
  2 deep elf blademasters
  A lich (Depths:4)
  3 titans
  Rupert (Lair:5)
  6 quicksilver dragons
  Murray (Depths:1)
  A deep elf master archer (Elf:3)
  3 tentacled starspawn
  2 Executioners (Depths:5)
  Kirke (D:14)
  12 death cobs
  5 sphinxes
  5 shadow dragons
  Roxanne (Spider:2)
  A daeva (Abyss:2)
  5 tengu reavers
  5 draconian monks
  15 storm dragons
  5 nagarajas (Depths:5)
  9 frost giants
  8 fire giants
  2 caustic shrike zombies
  5 draconian knights
  9 deep elf sorcerers
  2 draconian shifters
  4 iron dragons
  17 vault wardens
  3 orc warlords
  A draconian stormcaller (Zot:4)
  8 ghost moths
  Aizul (Elf:2)
  A draconian scorcher (Zot:5)
  4 emperor scorpions
  9 deep elf elementalists
  The ghost of Adireryl the Fighter, a journeyman HOFi of Beogh (Lair:5)
  14 ironheart preservers
  5 cacodemons
  2 draconian annihilators
  6 reapers (Hell)
  6 war gargoyles
  25 stone giants
  18 very ugly things
  3 entropy weavers
  10 green draconians
  A lorocyproca (Depths:1)
  The ghost of SushiGirl the Devastator, a journeyman DECj of Vehumet (Elf:1)
  2 vampire knights (Depths:4)
  3 deep elf demonologists
  6 black draconians
  10 yellow draconians
  Azrael (D:15)
  11 deep elf annihilators
  A minotaur (shapeshifter) (Depths:4)
  7 purple draconians
  11 red draconians
  3 spark wasps
  10 white draconians
  13 ettins
  A crystal guardian (Vaults:2)
  2 blizzard demons
  7 deep elf death magi
  A quicksilver dragon zombie (Hell)
  10 great orbs of eyes
  15 yaktaur captains
  10 fire dragons
  Josephine (D:10)
  6 deep elf high priests
  3 jiangshi
  5 rakshasas
  31 vault guards
  12 ice dragons
  A spriggan air mage (Depths:4)
  A kraken zombie (Hell)
  2 naga warriors (Depths:5)
  2 hell beasts
  18 centaur warriors
  2 anacondas (Depths:5)
  A hydra (shapeshifter) (Vaults:5)
  2 catoblepae
  2 shambling mangroves
  13 hydras
  5 death knights
  10 alligators
  14 ogre magi
  3 death yaks (Lair:6)
  12 hell hogs
  25 dancing weapons
  3 spriggan berserkers
  2 vampire magi
  6 deep troll earth magi
  45 two-headed ogres
  10 soul eaters
  5 tengu warriors
  9 deep troll shamans
  4 thrashing horrors (Abyss:2)
  3 orc high priests
  37 deep elf knights
  3 wretched stars (Abyss:2)
  Sonja (D:12)
  3 sun demons
  2 iron golems (Hell)
  8 spriggans
  2 salamander mystics (Depths:5)
  5 iron trolls
  A storm dragon zombie (Hell)
  3 sixfirhies
  A fire crab (Lair:6)
  17 hell knights
  A spriggan druid (Swamp:2)
  6 unseen horrors
  4 glowing orange brains
  A skeletal warrior (Vaults:2)
  A shadow wraith (Vaults:3)
  20 deep trolls
  A sea snake (shapeshifter) (Vaults:5)
  16 swamp dragons
  A deep troll (shapeshifter) (D:14)
  3 wizards
  A gelid demonspawn (Depths:4)
  15 ironbrand convokers
  2 flayed ghosts
  4 phantasmal warriors
  14 deep elf archers
  4 orc knights
  A tengu zombie (Hell)
  An obsidian statue (Elf:1)
  3 lindwurms
  3 harpies (Vaults:3)
  5 necromancers
  57 deep elf magi
  A harpy (shapeshifter) (Abyss:2)
  Pikel (D:3)
  An orb spider (shapeshifter) (Vaults:1)
  70 ugly things
  A salamander (shapeshifter) (Elf:2)
  3 oklob plants (Lair:5)
  26 wolf spiders
  2 frost giant zombies
  5 orc sorcerers
  A shining eye (shapeshifter) (Vaults:5)
  A shining eye (Abyss:4)
  2 fire giant zombies
  19 orb spiders
  10 cyclopes
  A human zombie (Vaults:1)
  6 salamanders
  A cyclops (shapeshifter) (Depths:4)
  3 worldbinders (Abyss:2)
  5 guardian serpents
  5 manticores
  A water nymph (shapeshifter) (Vaults:5)
  25 moths of wrath
  4 rust devils (Hell)
  An elephant (shapeshifter) (Depths:3)
  Maurice (Orc:1)
  8 elephants
  5 black mambas
  15 vault sentinels
  Joseph (D:9)
  6 centaur zombies
  Psyche (D:12)
  12 spiny frogs
  A spriggan zombie (Depths:4)
  A torpor snail (Spider:3)
  An ice statue (IceCv)
  A molten gargoyle (Lair:5)
  13 smoke demons
  6 orange demons
  2 gargoyles (D:14)
  3 rime drakes
  A yaktaur zombie (Hell)
  A hellion (Hell)
  6 komodo dragons
  65 yaktaurs
  13 demonic crawlers
  A komodo dragon (shapeshifter) (Depths:3)
  A hydra zombie (Hell)
  2 ice devils
  9 freezing wraiths
  5 red devils
  A merfolk (shapeshifter) (Depths:4)
  3 ancient zymes
  4 tengu conjurers
  A queen bee (Lair:1)
  19 polar bears
  14 tyrant leeches
  A queen bee (shapeshifter) (Vaults:2)
  19 trolls
  A jumping spider (shapeshifter) (Vaults:2)
  A wind drake (shapeshifter) (Vaults:1)
  26 jumping spiders
  A polar bear (shapeshifter) (Depths:4)
  2 hornets (shapeshifter)
  2 hydra skeletons (Hell)
  Grinder (D:6)
  26 hornets
  6 bog bodies
  A blink frog (shapeshifter) (Vaults:1)
  An alligator zombie (Hell)
  2 fire dragon zombies (Hell)
  14 blink frogs
  An ettin zombie (Hell)
  3 raiju
  33 slime creatures
  3 ice dragon zombies (Hell)
  A deep troll zombie (Hell)
  9 hippogriffs
  A dream sheep (shapeshifter) (Vaults:5)
  A stone giant simulacrum (Vaults:2)
  2 centaur simulacra (D:15)
  A vampire (D:12)
  Sigmund (D:6)
  4 tarantellas (shapeshifter)
  2 shadows
  29 tarantellas
  98 redbacks
  10 water elementals
  5 hogs (D:15)
  7 wyverns
  12 wraiths
  32 yaks
  4 air elementals
  An orc simulacrum (Vaults:1)
  A basilisk (shapeshifter) (Vaults:1)
  6 basilisks
  3 ynoxinuls
  3 fire bats (Depths:1)
  15 fire elementals
  2 neqoxecs (Abyss:2)
  A steam dragon (D:11)
  3 hungry ghosts
  A spatial vortex (Abyss:3)
  14 vampire mosquitoes
  2 chaos spawn
  Menkaure (D:6)
  22 insubstantial wisps
  15 swamp worms
  5 wargs
  14 nagas (Depths:5)
  9 large abominations
  A spiny frog zombie (Hell)
  15 water moccasins
  A floating eye (Depths:5)
  8 hell hounds
  Duvessa (D:6)
  2 floating eyes (shapeshifter)
  12 porcupines
  A spiny frog skeleton (Hell)
  26 orc warriors
  A sky beast (D:11)
  14 swamp drakes
  A slave (D:4)
  3 black bears
  A necrophage (D:8)
  2 eyes of draining
  7 phantoms
  32 wolves
  2 ice beasts
  56 ogres
  19 boggarts
  10 crocodiles
  A human skeleton (Vaults:1)
  9 centaurs
  A centaur (shapeshifter) (Abyss:4)
  18 small abominations
  Blork the orc (D:6)
  A big kobold (D:13)
  An elf simulacrum (Vaults:1)
  13 bullfrogs
  Dowan (D:6)
  4 earth elementals
  3 scorpions
  A wyvern skeleton (D:10)
  49 killer bees
  12 wights
  7 howler monkeys
  An electric eel (Spider:2)
  A lava snake (D:9)
  11 crimson imps
  2 bullfrog zombies
  4 quasits
  7 hounds
  7 starcursed masses (Abyss:2)
  A jelly (D:6)
  22 orc wizards
  A gnoll shaman (D:6)
  12 orc priests
  Ijyb (D:3)
  2 bullfrog skeletons
  6 centaur skeletons
  3 iron imps
  4 hell rats (Hell)
  15 worker ants
  6 ogre zombies (D:10)
  3 hound zombies
  2 hound skeletons
  2 worker ant zombies
  18 gnolls
  12 adders
  6 shadow imps
  14 white imps
  2 ufetubi (Abyss:2)
  An ooze (D:2)
  2 worms
  2 dart slugs (D:2)
  3 leopard geckos
  70 orcs
  2 ball pythons
  7 bats
  7 giant cockroaches
  12 goblins
  7 hobgoblins
  13 jackals
  6 quokkas
  A quokka (shapeshifter) (Vaults:5)
  3 frilled lizards
  A goblin skeleton (D:10)
  2 goblin zombies (D:10)
  A hobgoblin skeleton (D:10)
  A hobgoblin zombie (D:10)
  19 kobolds
  An orc skeleton (D:10)
  13 orc zombies (D:10)
  2 quokka skeletons
  11 rats
  2 butterflies (D:4)
  A crawling corpse (Vaults:5)
  2 fungi
  2 lurking horrors
  23 plants
  A starspawn tentacle (Abyss:4)
2583 creatures vanquished.

Vanquished Creatures (collateral kills)
  3 hydras
  A redback (Spider:4)
  A ynoxinul (Abyss:2)
5 creatures vanquished.

Vanquished Creatures (others)
  Gastronok (D:9)
  A tengu reaver (Depths:4)
  A draconian knight (Zot:5)
  A hydra (shapeshifter) (Vaults:4)
  A dancing weapon (Elf:1)
  A deep elf knight (Elf:1)
  2 deep elf magi
  2 redbacks
  A water elemental (Elf:3)
  A fire elemental (Hell)
  An orc warrior (Vaults:5)
  An ogre (Vaults:2)
  A hell rat (Depths:1)
  3 orcs (Elf:3)
  8 fungi
  2 lurking horrors
  10 plants
  17 starspawn tentacles
  4 tentacles (Hell)
59 creatures vanquished.

Grand Total: 2647 creatures vanquished

Notes
Turn   | Place    | Note
-------+----------+-------------------------------------------
     0 | D:1      | zedzed the Hill Orc Fighter began the quest for the Orb.
     0 | D:1      | Reached XP level 1. HP: 19/19 MP: 1/1
   112 | D:1      | Reached XP level 2. HP: 19/26 MP: 2/2
   506 | D:1      | Reached XP level 3. HP: 31/31 MP: 3/3
  1108 | D:2      | Reached skill level 5 in Axes
  1200 | D:2      | Reached XP level 4. HP: 11/39 MP: 4/4
  1628 | D:2      | Reached XP level 5. HP: 45/45 MP: 5/5
  2629 | D:3      | Reached XP level 6. HP: 51/51 MP: 6/6
  2840 | D:3      | Noticed Ijyb
  2992 | D:3      | Killed Ijyb
  3415 | D:4      | Noticed a phantom
  3500 | D:4      | Found Qoedom Pannu's Distillery.
  3508 | D:4      | Bought 2 potions of degeneration for 26 gold pieces
  3587 | D:4      | Killed a phantom
  3587 | D:4      | Reached skill level 5 in Fighting
  3600 | D:4      | Found a blossoming altar of Fedhas.
  3612 | D:4      | Found a shimmering altar of Xom.
  3621 | D:4      | Reached XP level 7. HP: 63/63 MP: 7/7
  3636 | D:5      | Entered Level 5 of the Dungeon
  4055 | D:4      | Noticed Pikel
  4105 | D:3      | Found a burning altar of Makhleb.
  4121 | D:3      | Killed Pikel
  4121 | D:3      | Reached XP level 8. HP: 24/70 MP: 8/8
  4359 | D:3      | Found an ornate altar of the Wu Jian Council.
  4540 | D:5      | Found a sparkling altar of Nemelex Xobeh.
  4587 | D:5      | Found a large runed translucent door.
  4587 | D:5      | Found a large runed translucent door.
  4596 | D:5      | Found a large runed translucent door.
  4596 | D:5      | Found a large runed translucent door.
  4856 | D:5      | Reached skill level 10 in Axes
  4991 | D:5      | Found a staircase to the Ecumenical Temple.
  5025 | D:5      | Identified the ring of Irchoud {Fire Int+2}
  5119 | Temple   | Entered the Ecumenical Temple
  5126 | Temple   | Became a worshipper of Qazlal Stormbringer
  5178 | D:4      | Got a faintly glowing bronze amulet
  5179 | D:4      | Identified the amulet of Ofa It Jea {Spirit rF+ Int+4 Dex+5
                  | Stlth-} (You found it on level 4 of the Dungeon)
  5751 | D:5      | Noticed a troll
  5767 | D:5      | Killed a troll
  5767 | D:5      | Reached XP level 9. HP: 60/75 MP: 7/9
  5837 | D:5      | Identified the Tome of Feathery Arcane Weapons
  5892 | D:6      | Noticed Sigmund
  5904 | D:6      | Killed Sigmund
  6065 | D:6      | Noticed Grinder
  6068 | D:6      | Paralysed by Grinder for 3 turns
  6077 | D:6      | Killed Grinder
  6139 | D:6      | Found a shattered altar of Ashenzari.
  6141 | D:6      | Found a glowing silver altar of Zin.
  6141 | D:6      | Found a deep blue altar of Sif Muna.
  6206 | D:6      | You fall through a shaft!
  6384 | D:7      | Reached * piety under Qazlal
  6780 | D:6      | Noticed Blork the orc
  6785 | D:6      | Killed Blork the orc
  6888 | D:6      | Noticed Menkaure
  6899 | D:6      | Killed Menkaure
  7060 | D:6      | Reached skill level 10 in Fighting
  7060 | D:6      | Reached XP level 10. HP: 72/93 MP: 7/10
  7253 | D:6      | Noticed Duvessa
  7253 | D:6      | Noticed Dowan
  7269 | D:6      | Killed Duvessa
  7285 | D:6      | Killed Dowan
  7640 | D:7      | Found a white marble altar of Elyvilon.
  7756 | D:7      | Reached ** piety under Qazlal
  8445 | D:8      | Noticed a two-headed ogre
  8449 | D:8      | Killed a two-headed ogre
  8449 | D:8      | Reached skill level 5 in Armour
  8556 | D:8      | Found an ancient bone altar of Kikubaaqudgha.
  8621 | D:8      | Found Zauv's Armour Shoppe.
  8989 | D:8      | Found a shadowy altar of Dithmenos.
  9178 | D:8      | Noticed a two-headed ogre
  9191 | D:8      | Killed a two-headed ogre
  9447 | D:9      | Noticed Joseph
  9481 | D:9      | Killed Joseph
  9489 | D:9      | Found a basalt altar of Yredelemnul.
  9529 | D:9      | Noticed Gastronok
  9541 | D:9      | Killed Gastronok
  9541 | D:9      | Reached XP level 11. HP: 102/102 MP: 11/11
  9880 | D:10     | Entered Level 10 of the Dungeon
  9940 | D:10     | Found a staircase to the Lair.
 10013 | D:8      | Bought the +1 helmet of the Invisible Hand {rC+ SInv} for
                  | 415 gold pieces
 10115 | D:10     | Found Poamirch's Assorted Antiques.
 10181 | D:10     | Reached *** piety under Qazlal
 10194 | D:10     | Found a staircase to the Orcish Mines.
 10299 | D:10     | Noticed an unseen horror
 10321 | D:10     | Killed an unseen horror
 10340 | D:10     | Noticed an unseen horror
 10351 | D:10     | Killed an unseen horror
 10731 | D:11     | Noticed Josephine
 10733 | D:11     | Noticed a centaur warrior
 10741 | D:11     | Noticed a white ugly thing
 10767 | D:10     | Killed Josephine
 10978 | D:11     | Killed a centaur warrior
 10978 | D:11     | Reached skill level 5 in Invocations
 10998 | D:10     | Killed a white ugly thing
 11357 | Lair:1   | Entered Level 1 of the Lair of Beasts
 11751 | D:11     | Reached **** piety under Qazlal
 12107 | D:11     | Reached XP level 12. HP: 107/110 MP: 18/18
 12454 | D:11     | Found a glowing silver altar of Zin.
 12980 | Lair:1   | Reached skill level 10 in Invocations
 13464 | Lair:1   | Noticed a seven-headed hydra
 13478 | Lair:1   | Killed a seven-headed hydra
 13662 | Lair:1   | Reached skill level 1 in Dodging
 14756 | Lair:2   | Identified a scroll of acquirement
 16218 | Lair:3   | Noticed a catoblepas
 16242 | Lair:3   | Killed a catoblepas
 16251 | Lair:3   | Reached skill level 5 in Dodging
 16388 | Lair:3   | Found a hole to the Spider Nest.
 16629 | Lair:3   | Got a twisted robe
 16642 | Lair:3   | Identified the +2 robe "Qattem" {rPois Dex-2 SInv} (You
                  | found it on level 3 of the Lair of Beasts)
 16806 | Lair:3   | Got a crystal war axe
 16807 | Lair:3   | Identified the +8 war axe of Valuable Assets {elec, MR+}
                  | (You found it on level 3 of the Lair of Beasts)
 17220 | Lair:4   | Reached ***** piety under Qazlal
 17237 | Lair:4   | Reached XP level 13. HP: 116/116 MP: 21/21
 17328 | Lair:4   | Found a staircase to the Swamp.
 17758 | Lair:4   | Found a runed translucent door.
 17761 | Lair:4   | Noticed Borbor's ghost (journeyman GrFi)
 17762 | Lair:4   | Identified the +9 spear "Ejubbohu" {pierce, rElec}
 18412 | Lair:5   | Noticed Rupert
 18424 | Lair:5   | Killed Rupert
 18514 | Lair:5   | Found a large runed translucent door.
 18514 | Lair:5   | Noticed Adireryl's ghost (journeyman HOFi)
 18515 | Lair:5   | Found a large runed translucent door.
 18592 | Lair:5   | Killed Adireryl's ghost
 18592 | Lair:5   | Reached skill level 15 in Axes
 18902 | Lair:5   | You are sucked into a shaft!
 18902 | Lair:6   | Entered Level 6 of the Lair of Beasts
 19174 | Lair:6   | Reached XP level 14. HP: 126/127 MP: 24/24
 19474 | Lair:6   | Got a steaming hunting sling
 19595 | Lair:6   | Identified the +9 hunting sling "Syfatisch" {velocity, MP+9
                  | Dex+3 Stlth+} (You found it on level 6 of the Lair of
                  | Beasts)
 19793 | Lair:6   | Found a viscous altar of Jiyva.
 19793 | Lair:6   | Found a staircase to the Slime Pits.
 20671 | Orc:1    | Entered Level 1 of the Orcish Mines
 20690 | Orc:1    | Noticed Maurice
 20691 | Orc:1    | Noticed an orc warlord
 20696 | Orc:1    | Killed Maurice
 20714 | Orc:1    | Killed an orc warlord
 20915 | Orc:2    | Entered Level 2 of the Orcish Mines
 21043 | Orc:2    | Reached ****** piety under Qazlal
 21044 | Orc:2    | Reached skill level 15 in Fighting
 21065 | Orc:2    | Found Xeso's General Store.
 21080 | Orc:2    | Reached XP level 15. HP: 107/145 MP: 25/25
 21167 | Orc:2    | Found Neleyhai's Gadget Shop.
 21170 | Orc:2    | Found Peesot's Weapon Boutique.
 21172 | Orc:2    | Found a frozen archway.
 21190 | IceCv    | Entered an ice cave
 21381 | IceCv    | Noticed a frost giant
 21397 | IceCv    | Killed a frost giant
 21727 | Orc:2    | Found Itavel's Assorted Antiques.
 21831 | Orc:2    | Found a staircase to the Elven Halls.
 21869 | Orc:1    | Noticed Jorgrun
 21877 | Orc:1    | Reached skill level 15 in Invocations
 21882 | Orc:1    | Killed Jorgrun
 21894 | Orc:1    | Found a runed translucent door.
 22060 | Orc:1    | Found the +10 large shield of Ignorance {rN+ Int-4}
 22063 | Orc:1    | Found a runed translucent door.
 22220 | Orc:2    | Bought a glowing battleaxe for 285 gold pieces
 22254 | Orc:2    | Bought a scroll of remove curse for 45 gold pieces
 22254 | Orc:2    | Bought a scroll of magic mapping for 52 gold pieces
 22768 | D:12     | Identified the +5 broad axe "Antinete" {freeze, *Rage Dex+4
                  | SInv}
 22768 | D:12     | Noticed a frost giant
 22785 | D:12     | Killed a frost giant
 22852 | D:12     | Noticed Psyche
 22855 | D:12     | Noticed Sonja
 22860 | D:12     | Killed Psyche
 22872 | D:12     | Killed Sonja
 23825 | D:13     | Reached skill level 10 in Armour
 24006 | D:13     | You are sucked into a shaft!
 24198 | D:14     | Found a sacrificial altar of Ru.
 24229 | D:14     | Reached XP level 16. HP: 155/155 MP: 28/28
 24538 | D:14     | Found a gate to the Vaults.
 25164 | D:15     | Entered Level 15 of the Dungeon
 25212 | D:15     | Noticed Kirke
 25231 | D:15     | Paralysed by an ogre mage for 2 turns
 25243 | D:14     | Killed Kirke
 25595 | D:15     | Noticed Azrael
 25603 | D:15     | Killed Azrael
 25998 | D:15     | Found a staircase to the Depths.
 26540 | Spider:1 | Entered Level 1 of the Spider Nest
 27124 | Spider:1 | Reached XP level 17. HP: 128/163 MP: 30/30
 28068 | Spider:2 | Identified Roxanne's Guide on Shape Shifting
 28068 | Spider:2 | Noticed Roxanne
 28357 | Spider:2 | Killed Roxanne
 29731 | Spider:4 | Entered Level 4 of the Spider Nest
 31783 | Spider:3 | Reached XP level 18. HP: 147/172 MP: 0/31
 32049 | Spider:4 | Reached skill level 10 in Shields
 32538 | Spider:4 | Got a gossamer rune of Zot
 32871 | Elf:1    | Entered Level 1 of the Elven Halls
 32951 | Elf:1    | Found a runed translucent gate.
 32953 | Elf:1    | Found a runed translucent gate.
 32953 | Elf:1    | Found an opulent altar of Gozag.
 32953 | Elf:1    | Found a runed translucent gate.
 32953 | Elf:1    | Noticed SushiGirl's ghost (journeyman DECj)
 33051 | Elf:1    | Found Caihea Jukh's Assorted Antiques.
 33051 | Elf:1    | Found Jinnos's Assorted Antiques.
 33055 | Elf:1    | Killed SushiGirl's ghost
 33301 | Elf:1    | Bought a scroll of blinking for 232 gold pieces
 33738 | Elf:2    | Noticed Aizul
 33762 | Elf:2    | Killed Aizul
 34188 | Elf:2    | Found Niehimm's Antique Weapon Emporium.
 34196 | Elf:2    | Bought a translucent longbow for 266 gold pieces
 34196 | Elf:2    | Identified the cursed +1 longbow of Ufiyg {venom, rElec
                  | rPois MR+++ Int-2} (You bought it in a shop on level 2 of
                  | the Elven Halls)
 34654 | Elf:2    | Found a huge runed translucent gate.
 34654 | Elf:2    | Found a huge runed translucent gate.
 34654 | Elf:2    | Found a huge runed translucent gate.
 34654 | Elf:2    | Found a huge runed translucent gate.
 34656 | Elf:2    | Found a huge runed translucent gate.
 35107 | Elf:2    | Cast into level 2 of the Abyss (+7 quick blade of
                  | distortion)
 35140 | Abyss:2  | Noticed a Hell Sentinel
 35285 | Abyss:2  | Noticed an ancient lich
 35293 | Abyss:3  | Found a corrupted altar of Lugonu.
 35336 | Abyss:3  | Gained mutation: You are weak. (Str -2) [a neqoxec]
 35540 | Abyss:4  | Found a corrupted altar of Lugonu.
 35688 | Abyss:4  | Reached XP level 19. HP: 62/185 MP: 31/32
 35781 | Elf:2    | Escaped the Abyss
 37072 | Elf:3    | Entered Level 3 of the Elven Halls
 37168 | Elf:3    | Noticed Saint Roka
 37182 | Elf:3    | Killed Saint Roka
 37987 | Elf:3    | Found a deep blue altar of Sif Muna.
 39314 | Elf:3    | Reached XP level 20. HP: 200/200 MP: 34/34
 39323 | Elf:3    | Got a spiked scale mail
 39326 | Elf:3    | Identified Sif Muna's Handbook of Clay and Flight
 39332 | Elf:3    | Identified Roxanne's Tome of Earth and Transformation
 39334 | Elf:3    | Identified the +5 scale mail of the Camelopard {-Cast
                  | *Drain rPois Str+5 Int+10} (You found it on level 3 of the
                  | Elven Halls)
 39518 | Elf:3    | Got a translucent ring mail
 39519 | Elf:3    | Identified the cursed +1 ring mail of Serendipity {rElec
                  | rC+ rN++ MR+ Dex-5} (You found it on level 3 of the Elven
                  | Halls)
 39976 | Vaults:1 | Entered Level 1 of the Vaults
 40694 | Vaults:1 | Paralysed by a great orb of eyes for 6 turns
 40724 | Vaults:1 | Found Pucaod's Armour Shoppe.
 40732 | Vaults:1 | Bought a scarf of resistance for 704 gold pieces
 41078 | Vaults:1 | Found Otyreth's General Store.
 41480 | Vaults:2 | Reached XP level 21. HP: 165/207 MP: 35/35
 42698 | Vaults:2 | Noticed Nikola
 42713 | Vaults:2 | Killed Nikola
 42799 | Vaults:2 | Found Goox Xishre's Magic Scroll Shoppe.
 43698 | Vaults:3 | Found a staircase to the Crypt.
 43735 | Vaults:3 | Reached skill level 15 in Armour
 44491 | Depths:1 | Entered Level 1 of the Depths
 44548 | Depths:1 | Paralysed by a great orb of eyes for 6 turns
 44625 | Depths:1 | Found a gateway to Hell.
 44783 | Depths:1 | Found Doybu's Antique Armour Boutique.
 44787 | Depths:1 | Found Qanoenk's Jewellery Shop.
 44788 | Depths:1 | Found Moruup's Antique Weapon Boutique.
 44799 | Depths:1 | Bought a spiked chain mail for 313 gold pieces
 44799 | Depths:1 | Bought a runed helmet for 247 gold pieces
 44799 | Depths:1 | Bought a pair of glowing boots for 247 gold pieces
 44799 | Depths:1 | Identified the cursed +0 chain mail of Pandemonium {Str+2}
                  | (You bought it in a shop on level 1 of the Depths)
 44962 | Depths:1 | Found a one-way gate leading to the halls of Pandemonium.
 45139 | Depths:1 | Reached XP level 22. HP: 215/215 MP: 36/36
 45267 | Depths:2 | Cast into level 2 of the Abyss (hell knight)
 45495 | Abyss:2  | Found a corrupted altar of Lugonu.
 45640 | Abyss:2  | Found a corrupted altar of Lugonu.
 45719 | Depths:2 | Escaped the Abyss
 45869 | Depths:2 | Got a faintly humming leather armour
 45870 | Depths:2 | Identified the cursed +0 leather armour of the Lobster
                  | {rC+++} (You found it on level 2 of the Depths)
 45882 | Depths:2 | Found a shimmering altar of Xom.
 46085 | Depths:2 | Reached skill level 10 in Dodging
 46222 | Depths:2 | Found a gateway to a ziggurat.
 46863 | Swamp:1  | Entered Level 1 of the Swamp
 48850 | Swamp:4  | Entered Level 4 of the Swamp
 49029 | Swamp:4  | Reached XP level 23. HP: 223/223 MP: 38/38
 49050 | Swamp:4  | Noticed the 27-headed Lernaean hydra
 49065 | Swamp:4  | Killed the 27-headed Lernaean hydra
 49614 | Swamp:4  | Got a decaying rune of Zot
 50419 | Depths:3 | Found a one-way gate to the infinite horrors of the Abyss.
 50686 | Depths:3 | Gained mutation: You are dopey. (Int -2) [a cacodemon]
 50784 | Depths:3 | Found a portal to a secret trove of treasure.
 51347 | Depths:4 | Noticed Jory
 51363 | Depths:4 | Killed Jory
 51499 | Depths:4 | Noticed a caustic shrike
 51506 | Depths:4 | Killed a caustic shrike
 51707 | Depths:4 | Identified the ring of Tulips {rCorr rC+}
 51732 | Depths:4 | Noticed a caustic shrike
 51741 | Depths:4 | Killed a caustic shrike
 51745 | Depths:4 | Noticed a golden dragon
 51750 | Depths:4 | Killed a golden dragon
 52070 | Depths:4 | Reached XP level 24. HP: 231/231 MP: 38/38
 52134 | Depths:4 | Got a steaming lead ring
 52136 | Depths:4 | Identified the ring of Xom's Fair Game {rF+ rC+ MR- Dex+7}
                  | (You found it on level 4 of the Depths)
 52171 | Depths:4 | Noticed Sojobo
 52181 | Depths:4 | Killed Sojobo
 52391 | Depths:4 | You are sucked into a shaft!
 52391 | Depths:5 | Entered Level 5 of the Depths
 52807 | Depths:5 | Found a gate to the Realm of Zot.
 53388 | Depths:5 | Reached skill level 27 in Axes
 54226 | Vaults:4 | Reached XP level 25. HP: 238/238 MP: 38/38
 56586 | Spider:4 | Got a fine helmet
 56597 | Spider:4 | Identified the +0 helmet "Joatt" {rC+ MR+} (You found it on
                  | level 4 of the Spider Nest)
 57038 | Vaults:5 | Entered Level 5 of the Vaults
 57070 | Vaults:5 | Noticed Mara
 57083 | Vaults:5 | Identified the +1 short sword "Ytituv" {flame, *Slow +Blink
                  | +Inv}
 57084 | Vaults:5 | Identified the +10 flail "Ytuqy" {vamp, rPois rC+ MP+9
                  | Str-2}
 57190 | Vaults:5 | Reached skill level 27 in Invocations
 57192 | Vaults:5 | Noticed zedzed's illusion
 57193 | Vaults:5 | Killed Mara
 57193 | Vaults:5 | Reached XP level 26. HP: 212/247 MP: 3/40
 57232 | Vaults:5 | Noticed an ancient lich
 57240 | Vaults:5 | Killed an ancient lich
 57901 | Vaults:5 | Identified the Papyrus of Freezing Transmutation
 58044 | Vaults:5 | Got a fine cloak
 58055 | Vaults:5 | Identified the +0 cloak of Hysteria {rPois Int+5} (You
                  | acquired it on level 5 of the Vaults)
 58322 | Vaults:5 | Got a silver rune of Zot
 58337 | Vaults:5 | Got a warped lead ring
 58340 | Vaults:5 | Identified the ring "Hoq Uclu" {-Tele rF+ rN+ Dex+7 Stlth-}
                  | (You found it on level 5 of the Vaults)
 58458 | Vaults:5 | Got a faintly glowing pewter amulet
 58460 | Vaults:5 | Identified the amulet "Piyqedeu" {Harm *Drain Str+8} (You
                  | found it on level 5 of the Vaults)
 59323 | Zot:1    | Entered Level 1 of the Realm of Zot
 59678 | Zot:1    | Learned a level 2 spell: Song of Slaying
 59681 | Zot:1    | Learned a level 2 spell: Blink
 59683 | Zot:1    | Learned a level 1 spell: Apportation
 59795 | Zot:1    | Reached skill level 1 in Charms
 59795 | Zot:1    | Reached skill level 1 in Translocations
 59804 | Zot:1    | Reached skill level 1 in Spellcasting
 60572 | Zot:2    | Reached skill level 5 in Evocations
 60584 | Zot:2    | Reached XP level 27. HP: 258/266 MP: 40/40
 60945 | Zot:2    | You are sucked into a shaft for 2 floors!
 60985 | Zot:4    | Reached skill level 10 in Evocations
 61807 | Zot:5    | Entered Level 5 of the Realm of Zot
 62292 | Zot:5    | Noticed an ancient lich
 62317 | Zot:5    | Killed an ancient lich
 62402 | Zot:5    | Noticed an orb of fire
 62408 | Zot:5    | Gained mutation: You occasionally shout uncontrollably at
                  | your foes. [an orb of fire]
 62408 | Zot:5    | Gained mutation: You passively map a small area around you.
                  | [an orb of fire]
 62410 | Zot:5    | Gained mutation: You tend to lose your temper in combat.
                  | [an orb of fire]
 62423 | Zot:5    | Killed an orb of fire
 63115 | Lair:2   | Lost mutation: You are weak. (Str -2) [potion of mutation]
 63115 | Lair:2   | Lost mutation: You passively map a small area around you.
                  | [potion of mutation]
 63115 | Lair:2   | Gained mutation: You sometimes yell uncontrollably at your
                  | foes. [potion of mutation]
 63115 | Lair:2   | Gained mutation: You are somewhat resistant to further
                  | mutation. [potion of mutation]
 63116 | Lair:2   | Lost mutation: You sometimes yell uncontrollably at your
                  | foes. [potion of mutation]
 63116 | Lair:2   | Lost mutation: You tend to lose your temper in combat.
                  | [potion of mutation]
 63116 | Lair:2   | Gained mutation: Your system is resistant to poisons.
                  | (rPois) [potion of mutation]
 63350 | Hell     | Entered the Vestibule of Hell
 63350 | Hell     | Noticed Geryon
 63365 | Hell     | Noticed Murray
 63375 | Hell     | Killed Geryon
 64124 | Depths:1 | Killed Murray
 64315 | Hell     | Found a gateway to the ashen valley of Gehenna.
 64361 | Hell     | Found a gateway to the decaying netherworld of Tartarus.
 64402 | Hell     | Found a gateway to the freezing wastes of Cocytus.
 64622 | Hell     | Found a gateway to the Iron City of Dis.
 65991 | Zot:5    | Noticed an ancient lich
 65992 | Zot:5    | Noticed an ancient lich
 66006 | Zot:5    | Killed an ancient lich
 66010 | Zot:5    | Killed an ancient lich
 66028 | Zot:5    | Noticed an ancient lich
 66045 | Zot:5    | Killed an ancient lich
 66086 | Zot:5    | Reached skill level 27 in Fighting
 66199 | Zot:5    | Noticed an orb of fire
 66205 | Zot:5    | Gained mutation: Your spells are a little easier to cast,
                  | but a little less powerful. [an orb of fire]
 66212 | Zot:5    | Killed an orb of fire
 66219 | Zot:5    | Noticed an ancient lich
 66237 | Zot:5    | Killed an ancient lich
 66247 | Zot:5    | Reached skill level 5 in Translocations
 66364 | Zot:5    | Noticed an ancient lich
 66741 | Zot:5    | Noticed an ancient lich
 66782 | Zot:5    | Killed an ancient lich
 66791 | Zot:5    | Noticed an ancient lich
 66797 | Zot:5    | Killed an ancient lich
 67351 | Zot:5    | Killed an ancient lich
 67354 | Zot:5    | Got a transparent marble ring
 67355 | Zot:5    | Identified the ring of Eternal Harmony {rF- rN+ Str+5
                  | Stlth+} (You found it on level 5 of the Realm of Zot)
 67397 | Zot:5    | Got the Orb of Zot
 67565 | Zot:1    | Noticed Oprokkef the pandemonium lord
 67565 | Zot:1    | Noticed an ancient lich
 67722 | Depths:5 | Noticed Buacraz the pandemonium lord
 67736 | Depths:5 | Killed from afar by a hellion

Skill      XL: |  1  2  3  4  5  6  7  8  9 10 11 12 13 14 15 16 17 18 19 20 21 22 23 24 25 26 27 |
---------------+----------------------------------------------------------------------------------+-----
Axes           | 4 6 8 11 12 13 14 15 16 18 22 24 27 | 27.0
Fighting       | 6 10 11 12 16 17 18 20 22 25 27 | 27.0
Shields        | 7 9 12 | 12.0
Armour         | 9 11 12 14 16 17 20 23 | 23.9
Invocations    | 8 11 14 17 18 19 20 22 23 27 | 27.0
Dodging        | 6 8 9 10 | 10.6
Charms         | 1 |  1.9
Translocations | 1 9 |  9.1
Spellcasting   | 1 4 |  4.0
Evocations     | 6 13 | 13.2

Action                   |  1- 3 |  4- 6 |  7- 9 | 10-12 | 13-15 | 16-18 | 19-21 | 22-24 | 25-27 || total
-------------------------+-------+-------+-------+-------+-------+-------+-------+-------+-------++-------
Melee: War axe           |   123 |   187 |   315 |  1101 |   828 |  1237 |   353 |       |       ||  4144
       Executioner's axe |       |       |       |       |       |       |   781 |  1430 |  1437 ||  3648
Throw: Tomahawk          |       |       |       |       |       |    10 |       |       |       ||    10
 Cast: Blink             |       |       |       |       |       |       |       |       |     1 ||     1
Invok: Elemental Force   |       |       |       |     1 |     2 |     2 |     1 |       |       ||     6
       Disaster Area     |       |       |       |       |       |     5 |     1 |     1 |    10 ||    17
       Upheaval          |       |       |       |       |       |     4 |     5 |     2 |     3 ||    14
Evoke: Wand              |       |     5 |    21 |    13 |     1 |    35 |     7 |       |     1 ||    83
       Lamp of fire      |       |       |       |     1 |       |       |       |       |       ||     1
       Lightning rod     |       |       |       |       |     3 |     5 |     6 |       |     2 ||    16
       Horn of Geryon    |       |       |       |       |       |       |       |       |     1 ||     1
  Use: Scroll            |       |     7 |     2 |    12 |    10 |    10 |    19 |     7 |    10 ||    77
       Potion            |       |       |     1 |     1 |     1 |    13 |     3 |     2 |    17 ||    38
 Stab: Petrifying        |       |       |       |     3 |       |       |       |       |       ||     3
       Paralysed         |       |       |       |     2 |       |       |       |       |       ||     2
       Invisible         |       |       |       |       |     2 |       |       |       |       ||     2
  Eat: Chunk             |     1 |     8 |    11 |    13 |    11 |     7 |    14 |    11 |     7 ||    83
       Ration            |       |       |       |     8 |     3 |     9 |     6 |     6 |    11 ||    43
Armor: Scale mail        |    57 |    75 |   114 |    19 |       |   261 |       |       |       ||   526
       Chain mail        |       |       |       |   247 |   193 |   145 |   342 |   691 |    26 ||  1644
       Plate armour      |       |       |       |       |       |       |       |       |   119 ||   119
       Gold dragon scale |       |       |       |       |       |       |       |       |   918 ||   918
Dodge: Dodged            |    46 |    59 |    75 |   134 |   197 |   505 |   485 |   939 |   920 ||  3360
       Deflected         |       |       |       |       |    11 |    18 |    46 |    54 |    56 ||   185
Block: Shield            |    60 |    82 |   156 |   629 |   596 |  1212 |   209 |       |       ||  2944
       Other             |       |       |       |       |       |       |   225 |   472 |   505 ||  1202
